 Dungeon Crawl Stone Soup version 0.31.0-1-g2c135a0 (webtiles) character file.

Game seed: 100503916497672206

153 Dhd the Ruffian (level 5, 0/45 HPs)
             Began as a Draconian Shapeshifter on Feb 25, 2024.
             Killed by divine providence
             ... invoked by an orc priest
              (9 damage)
             ... on level 3 of the Dungeon.
             The game lasted 00:14:09 (2813 turns).

Dhd the Ruffian (Draconian Shapeshifter)            Turns: 2813, Time: 00:14:09

Health: 0/45       AC:  5    Str: 19    XL:     5   Next: 12%
Magic:  5/5        EV: 12    Int: 16    God:
Gold:   128        SH:  0    Dex: 10    Spells: 4/4 levels left

rFire   . .          .
                       - Unarmed
rCold   . . .        (no shield)
rNeg    . . .        (body armour unavailable)
rPois   .            (helmet currently unavailable)
rElec   .            (cloak currently unavailable)
rCorr   .            (gloves currently unavailable)
SInv    .            (boots currently unavailable)
Will    .....        (no amulet)
Stlth   ++           j - +6 ring of intelligence
HPRegen 0.27/turn    (no ring)
MPRegen 0.09/turn

%: no passive effects
@: beast-form
A: beast (slay +2), AC +5, unfitting armour, cold-blooded
a: Begin Untransformation


You were on level 3 of the Dungeon.
You were a hulking beast.
You visited 1 branch of the dungeon, and saw 3 of its levels.

You collected 128 gold pieces.

Inventory:

Hand Weapons
 a - a +1 flail of protection
 m - a +1 antimagic dagger
Jewellery
 j - a +6 ring of intelligence (left hand)
Talismans
 b - a beast talisman
 c - a flux talisman
Scrolls
 e - a scroll of fear {unknown}
 f - a scroll of blinking {unknown}
 g - a scroll of torment {unknown}
 h - a scroll of enchant weapon {unknown}
 i - a scroll of enchant armour
 k - a scroll of teleportation {unknown}
 o - a scroll of poison {unknown}
Potions
 d - 3 potions of curing {unknown}
 n - a potion of attraction {unknown}


   Skills:
 + Level 3.2 Fighting
 - Level 1.7 Dodging
 - Level 2.0 Stealth
 + Level 3.8 Unarmed Combat
 + Level 3.6 Shapeshifting


You had 4 spell levels left.
You didn't know any spells.
Your spell library contained the following spells:

 Spells                   Type           Power      Damage    Failure   Level
 Dazzling Flash           Conj/Hex       0%         N/A       58%         3
 Mephitic Cloud           Conj/Alch/Air  0%         N/A       58%         3
 Curse of Agony           Necr           0%         N/A       100%        5
 Silence                  Hex/Air        0%         N/A       100%        5


Dungeon Overview and Level Annotations

Branches:
Dungeon (3/15) Zot: 15172

Altars:

Shops:
D:2 [

Annotations:
D:3 Natasha


Innate Abilities, Weirdness & Mutations

You are a hulking beast.
Your limbs bulge with bestial killing power. (Slay +2)
Your plain brown scales are hard. (AC +5)
You cannot fit into any form of body armour.
You are cold-blooded and may be slowed by cold attacks.


Message History

There is an open door here.
An orc comes into view. It is wielding a +0 mace.
An orc priest comes into view. It is wielding a +0 short sword.
An orc comes into view. It is wielding a +0 hand axe.
There is a stone staircase leading up here.
There is an open door here.
You barely miss the orc. The orc hits you with a +0 flail.
You barely miss the orc.
Your tail-slap misses the orc.
You punch the orc.
The orc is severely wounded.
The orc hits you with a +0 flail!
You closely miss the orc.
The orc is severely wounded.
The orc misses you.
You hit the orc.
You kill the orc!
You hit the orc but do no damage. You tail-slap the orc.
The orc is heavily wounded.
The orc hits you with a +0 mace!
You hit the orc but do no damage. You tail-slap the orc.
The orc is almost dead.
You hit the orc.
You kill the orc!
You hit the orc.
The orc is severely wounded.
The orc hits you but does no damage.
You hit the orc.
You kill the orc!
You start resting.
An orc priest is nearby!
The orc priest shouts!
The orc priest mumbles some strange prayers to Beogh against you.
Beogh smites you!
* * * LOW HITPOINT WARNING * * *
The orc priest calls down the wrath of Beogh upon you.
Beogh smites you!
* * * LOW HITPOINT WARNING * * *
Okay, then.
The orc priest mumbles some strange prayers to Beogh against you.
Beogh smites you!
You die...

.....#..<...#'#...............'..
.###.####'###'####............###
.# #.# #o#...................###
.# #)####)#......###############.
.# #...##.#......# #.
.#####.##.############# #.
.#...#.##.#...........# #.
....>#.##o###########.# #.
##<###.##.......h...#.# #.
##.###.###########.##.# #.
.#.#...# ##.# .. .#.#...#######
#.##### ## .#.#.........> #.....#
.#.#..###################.#
.#.#....#.................#
...##.#.##.################
.####.#.##.#


You could see an orc priest.

Vanquished Creatures
  An orc wizard (D:3)
  3 gnolls (D:2)
  2 adders
  4 dart slugs
  A ribbon worm (D:2)
  4 orcs (D:3)
  3 ball pythons
  7 endoplasms
  2 giant cockroaches (D:2)
  11 goblins
  5 jackals (D:1)
  7 kobolds
  2 quokkas
  5 bats
  3 frilled lizards
  8 rats
68 creatures vanquished.

Notes
Turn   | Place    | Note
-------+----------+-------------------------------------------
     0 | D:1      | Dhd the Draconian Shapeshifter began the quest for the Orb.
     0 | D:1      | Reached XP level 1. HP: 16/16 MP: 1/1
    46 | D:1      | Reached skill level 1 in Stealth
   117 | D:1      | Reached XP level 2. HP: 23/23 MP: 2/2
   483 | D:1      | Reached XP level 3. HP: 29/29 MP: 3/3
  1279 | D:2      | Found a faded altar of an unknown god.
  1479 | D:2      | Reached XP level 4. HP: 36/37 MP: 4/4
  1788 | D:2      | Found Ypabred's Antique Armour Shop.
  2641 | D:3      | Noticed Natasha
  2715 | D:3      | Reached XP level 5. HP: 34/45 MP: 5/5
  2813 | D:3      | Killed from afar by an orc priest

Illustrated notes

Levels and vault maps discovered:
D:1:      dpeg_arrival_pits, layout_loops_ring, grunt_decor_clamped,
          serial_bayou_lake_a
D:2:      layout_loops_ring, serial_shops, nicolae_square_shop,
          ebering_ecumenical_altar_rust
D:3:      layout_basic, uniq_natasha

Skill      XL: |  1  2  3  4 |
---------------+-------------+-----
Stealth        | 1 2 |  2.0
Fighting       | 2 3 |  3.2
Dodging        | |  1.7
Unarmed Combat | |  3.8
Shapeshifting  | |  3.6

Action                     |  1- 3 |  4- 6 || total
---------------------------+-------+-------++-------
  Melee: Unarmed           |   107 |    72 ||   179
         Tailslap          |     9 |     9 ||    18
         Punch             |     1 |     5 ||     6
  Throw: Stone             |    13 |     3 ||    16
    Use: Scroll            |       |     1 ||     1
         Potion            |       |     1 ||     1
   Stab: Sleeping          |     1 |       ||     1
 Armour: Skin              |    41 |    34 ||    75
  Dodge: Dodged            |    46 |    29 ||    75
